 Dungeon Crawl Stone Soup version 0.23-a0-619-g281719c (webtiles) character file.

258 Lanoc the Shooter (level 6, -4/48 HPs)
             Began as a Barachi Hunter on Dec 22, 2018.
             Killed by nerve-wracking pain
             ... invoked by Grinder
              (7 damage)
             ... on level 4 of the Dungeon.
             The game lasted 00:10:17 (2752 turns).

Lanoc the Shooter (Barachi Hunter)                  Turns: 2752, Time: 00:10:18

Health: -4/48      AC: 10    Str: 21    XL:     6   Next: 16%
Magic:  6/6        EV:  9    Int: 11    God:
Gold:   174        SH:  0    Dex: 12    Spells: 5/5 levels left

rFire    . . .     SeeInvis .   a - +1 shortbow
rCold    . . .     Gourm    .   (shield currently unavailable)
rNeg     . . .     Faith    .   e - +2 chain mail {rPois}
rPois    +         Spirit   .   (no helmet)
rElec    .         Reflect  .   (no cloak)
rCorr    .         Harm     .   (no gloves)
MR       .....                  (no boots)
Stlth    ..........             (no amulet)
HPRegen  0.16/turn              (no ring)
MPRegen  0.10/turn              (no ring)

@: mighty, slow
A: +LOS, swims, slowness 1, strong legs 1
a: Hop


You were on level 4 of the Dungeon.
You were very hungry.

You visited 1 branch of the dungeon, and saw 4 of its levels.

You collected 174 gold pieces.

Inventory:

Hand Weapons
 a - a +1 shortbow (weapon)
 o - a +1 short sword of flaming
 r - a -2 long sword
Missiles
 d - 107 arrows (quivered)
Armour
 c - a +0 leather armour
 e - a +2 chain mail of poison resistance (worn)
Scrolls
 b - 4 scrolls of enchant weapon {unknown}
 h - a scroll of fear
 i - a scroll of magic mapping
 j - 2 scrolls of remove curse
 p - 5 scrolls of teleportation {unknown}
Potions
 k - a potion of might
 l - 2 potions of invisibility {unknown}
 q - 2 potions of berserk rage {unknown}
Comestibles
 f - 3 rations


   Skills:
 + Level 3.8 Fighting
 * Level 3.4 Long Blades
 + Level 4.7 Bows
 + Level 2.6 Armour
 + Level 3.5 Dodging
 - Level 0.8 Stealth


You had 5 spell levels left.
You didn't know any spells.
Your spell library contained the following spells:

 Spells                   Type           Power        Failure   Level  Hunger
 Animate Skeleton         Necr           N/A          98%         1    ##.....
 Apportation              Tloc           #.....       98%         1    ##.....
 Confusing Touch          Hex            #.....       98%         1    ##.....
 Summon Small Mammal      Summ           #...         98%         1    ##.....


Dungeon Overview and Level Annotations

Branches:
Dungeon (4/15)
 Temple: D:4-7

Altars:

Shops:
D:4 :

Annotations:
D:4 Grinder


Innate Abilities, Weirdness & Mutations

Shadows flee at your approach. (+LOS)
You can swim through water.
You cover ground slowly.
You can hop short distances.


Message History

You barely miss Grinder.
Grinder is severely wounded.
Grinder blinks!
Wield which item (- for none, * to show all)? (? for menu, Esc to quit)
Your +1 short sword of flaming stops flaming.
a - a +1 shortbow (weapon)
Grinder gestures at you.
You suddenly lose the ability to move!
Grinder says, "FISH!"
Grinder blinks!
Grinder blinks!
You can move again.
Firing (i - inventory)
d - 108 arrows (quivered)
Press: ? - help, Shift-Dir - straight line, f - Grinder
Aim: Grinder (heavily wounded)
You shoot an arrow. The arrow hits Grinder.
Grinder is severely wounded.
Grinder gestures at you. Pain shoots through your body!
You die...

##.####.#####.##
##.....#.... #..#
#........## ###########
#.## ######.#.># ##.#
#....## ...# ###...### ...#
#.....# ...# ####..######
...## #..........# .....#
#@......##.. .......
.................#
...####.....####5......#...
#### # $.<.<...# ##
##.......# #.$.....#
#.......# #.......#
#.......#


You could see Grinder.

Vanquished Creatures
  A scorpion (D:4)
  A bullfrog zombie (D:4)
  A worker ant (D:4)
  A hound zombie (D:4)
  2 worker ant zombies (D:4)
  3 adders
  2 adder zombies (D:4)
  An adder skeleton (D:3)
  4 worms
  A dart slug (D:4)
  9 orcs
  3 giant cockroaches
  4 goblins
  4 hobgoblins
  2 quokkas
  7 bats
  A frilled lizard (D:1)
  6 kobolds
  10 rats
63 creatures vanquished.

Notes
Turn   | Place    | Note
-------+----------+-------------------------------------------
     0 | D:1      | Lanoc the Barachi Hunter began the quest for the Orb.
     0 | D:1      | Reached XP level 1. HP: 17/17 MP: 1/1
   131 | D:1      | Reached XP level 2. HP: 23/23 MP: 2/2
   473 | D:1      | Reached skill level 1 in Armour
  1012 | D:2      | Reached XP level 3. HP: 9/28 MP: 3/3
  1750 | D:3      | Reached skill level 1 in Long Blades
  1921 | D:3      | Reached XP level 4. HP: 35/35 MP: 4/4
  2290 | D:4      | Found Ziremedu's Book Emporium.
  2382 | D:4      | Reached XP level 5. HP: 8/41 MP: 5/5
  2651 | D:4      | Reached XP level 6. HP: 16/48 MP: 6/6
  2734 | D:4      | Noticed Grinder
  2734 | D:4      | Paralysed by Grinder for 4 turns
  2744 | D:4      | HP: 2/48 [Grinder (1)]
  2746 | D:4      | Paralysed by Grinder for 5 turns
  2752 | D:4      | Killed from afar by Grinder

Vault maps used:
D:1:      dpeg_arrival_ratfight, serial_co_window_serial, co_window_corner_a,
          co_window_corner_a, co_window_of_opportunity_a, co_window_paths_a,
          co_window_of_opportunity_a, co_window_2corner, co_window_2corner,
          co_window_corner_ca, co_window_4corner_a, glass_columns_a,
          glass_columns_a, minmay_misc_feat_tiny
D:4:      serial_shops, nicolae_shop_window_shopping, first_ration,
          serial_undead, serial_undead_f, serial_undead_e, serial_undead_e,
          serial_undead_a, uniq_grinder

Skill      XL: |  1  2  3  4  5 |
---------------+----------------+-----
Armour         | 1 2 |  2.6
Fighting       | 3 |  3.8
Long Blades    | 1 2 3 |  3.4
Dodging        | 3 |  3.5
Bows           | |  4.7
Stealth        | |  0.8

Action                   |  1- 3 |  4- 6 || total
-------------------------+-------+-------++-------
Melee: Long sword        |     4 |       ||     4
       Short sword       |    51 |   178 ||   229
 Fire: Shortbow          |    57 |     5 ||    62
 Abil: Hop               |     2 |     1 ||     3
  Use: Scroll            |     7 |     1 ||     8
       Potion            |       |     3 ||     3
  Eat: Chunk             |     3 |     3 ||     6
Armor: Leather armour    |     5 |       ||     5
       Chain mail        |    20 |    97 ||   117
Dodge: Dodged            |    46 |    67 ||   113
       Rpst.: Long sword |     2 |       ||     2

Table legend:
 A = Non-vault XP
 B = Vault XP
 C = Vault XP percentage of total XP
 D = Non-vault monster count
 E = Vault monster count
 F = Vault count percentage of total count
                 A         B        C        D         E       F
            +---------+---------+-------+---------+---------+-------
      Total |     253 |     116 |  31.4 |      52 |      11 |  17.5
            +---------+---------+-------+---------+---------+-------
        D:1 |      17 |       5 |  22.7 |      10 |       5 |  33.3
        D:2 |      33 |       0 |   0.0 |      14 |       0 |   0.0
        D:3 |      65 |       0 |   0.0 |      18 |       0 |   0.0
        D:4 |     138 |     111 |  44.6 |      10 |       6 |  37.5
            +---------+---------+-------+---------+---------+-------
